 Dungeon Crawl Stone Soup version 0.16-a0-3889-g45dc0c2 (webtiles) character file.

150 timbw the Magician (level 5, -6/31 HPs)
             Began as a High Elf Ice Elementalist on Feb 3, 2015.
             Was an Initiate of Vehumet.
             Mangled by Prince Ribbit (11 damage)
             ... on level 5 of the Dungeon.
             The game lasted 00:08:21 (969 turns).

timbw the Magician (High Elf Ice Elementalist)       Turns: 969, Time: 00:08:21

Health: -6/31      AC:  7    Str:  7    XL:     5   Next: 10%
Magic:  33/36      EV: 12    Int: 20    God:    Vehumet [......]
Gold:   94         SH:  0    Dex: 15    Spells: 3 memorised, 6 levels left

rFire  + . .     SeeInvis .     k - +0 quarterstaff
rCold  + . .     Clarity  .     e - +0 leather armour
rNeg   . . .     SustAb   .     (no shield)
rPois  +         Gourm    .     (no helmet)
rElec  +         Spirit   .     (no cloak)
rCorr  +         Warding  .     r - +0 pair of gloves
rMut   .         Stasis   .     g - +2 pair of boots
MR     .....                    (no amulet)
Stlth  ++........               h - ring of magical power
                                m - ring of magical power

@: resistant, not resistant to hostile enchantments, unstealthy
A: no striking features
a: Renounce Religion


You were on level 5 of the Dungeon.
You worshipped Vehumet.
Vehumet was noncommittal.
You were not hungry.

You visited 2 branches of the dungeon, and saw 6 of its levels.

You collected 94 gold pieces.

Inventory:

Hand weapons
 f - a +0 club
 k - a +0 quarterstaff (weapon)
Armour
 a - a +0 robe
 e - a +0 leather armour (worn)
 g - a +2 pair of boots (worn)
 r - a +0 pair of gloves (worn)
Jewellery
 h - a ring of magical power (right hand)
 m - a ring of magical power (left hand)
Scrolls
 o - a scroll of teleportation
 p - a scroll of magic mapping
Books
 b - a book of Frost

   Spells                             Type                      Level
   a - Freeze                         Ice                          1
   b - Throw Frost                    Conjuration/Ice              2
   c - Ozocubu's Armour               Charms/Ice                   3
   d - Throw Icicle                   Conjuration/Ice              4
   e - Summon Ice Beast               Ice/Summoning                4
   f - Condensation Shield            Ice                          4
 j - a book of Envenomations

   Spells                             Type                      Level
   a - Spider Form                    Transmutation/Poison         3
   b - Alistair's Intoxication        Transmutation/Poison         4
   c - Olgreb's Toxic Radiance        Poison                       4
   d - Poisonous Cloud                Conjuration/Poison/Air       6
 n - a book of Conjurations

   Spells                             Type                      Level
   a - Magic Dart                     Conjuration                  1
   b - Searing Ray                    Conjuration                  2
   c - Dazzling Spray                 Conjuration/Hexes            3
   d - Fulminant Prism                Conjuration/Hexes            4
   e - Iskenderun's Mystic Blast      Conjuration                  4
   f - Iskenderun's Battlesphere      Conjuration/Charms           5
Comestibles
 c - 2 bread rations
 l - 6 chunks of flesh


   Skills:
 - Level 2.1 Dodging
 - Level 2.1 Stealth
 + Level 5.7 Spellcasting
 + Level 1.8 Conjurations
 - Level 0.1 Summonings
 - Level 3.0 Ice Magic


You had 6 spell levels left.
You knew the following spells:

 Your Spells              Type           Power        Failure   Level  Hunger
a - Freeze                Ice            ###.         6%          1    None
b - Summon Ice Beast      Ice/Summ       ##......     82%         4    ####...
c - Iskenderun's Mystic   Conj           ##......     82%         4    ####...


Dungeon Overview and Level Annotations

Branches:
Dungeon (5/15)             Temple (1/1) D:4

Altars:
Ashenzari
Cheibriados
Dithmenos
Fedhas
Gozag
Kikubaaqudgha
Makhleb
Nemelex Xobeh
Okawaru
Qazlal
Ru
Trog
Vehumet
Xom
Yredelemnul
Zin
The Shining One

Annotations:
D:5 Prince Ribbit


Message History

Casting: Freeze
Confirm with . or Enter, or press ? or * to list all spells.
Aiming: Freeze
Press: ? - help, Shift-Dir - straight line, f/p - Prince Ribbit
Aim: Prince Ribbit (heavily wounded, slow)
You freeze Prince Ribbit.
Prince Ribbit seems to slow down.
Prince Ribbit is heavily wounded.
Prince Ribbit barely misses you.
Drink which item? (? for menu, Esc to quit)
You feel better. Prince Ribbit hits you!
* * * LOW HITPOINT WARNING * * *
Drink which item? (? for menu, Esc to quit)
It was a potion of restore abilities.
You feel refreshed. Prince Ribbit hits you.
* * * LOW HITPOINT WARNING * * *
Drink which item? (? for menu, Esc to quit)
It was a potion of resistance.
You feel protected. Prince Ribbit hits you!
You die...

##########
#.F@.....#
#.######.#
.########.#
#.#
..........#
#.#
###########
#.#
#.#########.#
#...<.......#
#############


You could see Prince Ribbit.

Vanquished Creatures
  A scorpion (D:4)
  A hound (D:4)
  4 gnolls
  7 orcs
  A giant cockroach (D:3)
  A goblin (D:3)
  3 hobgoblins
  2 kobolds
  A quokka (Temple)
  A bat (D:3)
  A giant gecko skeleton (D:4)
  A giant newt (D:3)
  2 jackal skeletons (D:4)
  3 rats
29 creatures vanquished.

Notes
Turn   | Place    | Note
--------------------------------------------------------------
     0 | D:1      | timbw, the High Elf Ice Elementalist, began the quest for the Orb.
     0 | D:1      | Reached XP level 1. HP: 11/11 MP: 4/4
   119 | D:3      | Found a glowing golden altar of the Shining One.
   189 | D:3      | Reached XP level 2. HP: 13/17 MP: 5/7
   195 | D:3      | Found a burning altar of Makhleb.
   195 | D:3      | Noticed a green death
   358 | D:4      | Noticed an ogre
   447 | D:4      | Reached skill level 4 in Spellcasting
   447 | D:4      | Reached XP level 3. HP: 21/21 MP: 11/11
   512 | D:4      | Noticed a scorpion
   677 | D:4      | Killed a scorpion
   677 | D:4      | Reached skill level 5 in Spellcasting
   677 | D:4      | Reached XP level 4. HP: 15/27 MP: 16/16
   702 | D:4      | Learned a level 4 spell: Summon Ice Beast
   730 | D:4      | Found a staircase to the Ecumenical Temple.
   746 | Temple   | Entered the Ecumenical Temple
   820 | Temple   | Became a worshipper of Vehumet
   854 | Temple   | Learned a level 4 spell: Iskenderun's Mystic Blast
   873 | D:4      | Reached XP level 5. HP: 13/31 MP: 18/18
   939 | D:5      | Entered Level 5 of the Dungeon
   954 | D:5      | Noticed Prince Ribbit
   969 | D:5      | Mangled by Prince Ribbit

Action                   |  1- 3 |  4- 6 || total
-------------------------+-------+-------++-------
Melee: Quarterstaff      |    20 |     4 ||    24
       Club              |     2 |       ||     2
 Cast: Freeze            |    40 |    22 ||    62
  Use: Scroll            |     5 |       ||     5
       Potion            |       |     4 ||     4
  Eat: Chunk             |       |     1 ||     1
